 Dungeon Crawl Stone Soup version 0.28-a0-1555-g9ae15a6949 (webtiles) character file.

Game seed: 7175480910606149444

16 lunkers the Sneak (level 2, -2/19 HPs)
             Began as a Vampire Enchanter on Jan 18, 2022.
             Slain by a quokka (5 damage)
             ... on level 1 of the Dungeon.
             The game lasted 00:01:53 (384 turns).

lunkers the Sneak (Vampire Enchanter)                Turns: 384, Time: 00:01:53

Health: -2/19      AC:  2    Str:  7    XL:     2   Next: 41%
Magic:  5/5        EV: 12    Int: 17    God:
Gold:   33         SH:  0    Dex: 14    Spells: 5/5 levels left

rFire   . . .      SeeInvis +   a - +1 dagger
rCold   . . .      Faith    .   (no shield)
rNeg    . . .      Spirit   .   b - +0 robe
rPois   .          Reflect  .   (no helmet)
rElec   .          Harm     .   (no cloak)
rCorr   .          Rampage  .   (no gloves)
Will    .....                   (no boots)
Stlth   +++.......              (no amulet)
HPRegen 0.26/turn               (no ring)
MPRegen 0.09/turn               (no ring)

@: healing quickly
A: alive, fangs 3, see invisible, vampiric 1
a: Exsanguinate


You were on level 1 of the Dungeon.
You visited 1 branch of the dungeon, and saw 1 of its levels.

You collected 33 gold pieces.

Inventory:

Hand Weapons
 a - a +1 dagger (weapon)
Armour
 b - a +0 robe (worn)
Scrolls
 d - a scroll of blinking {unknown}
 e - a scroll of fog {unknown}
 g - a scroll of identify {unknown}
 h - 3 scrolls of enchant weapon {unknown}
 i - a scroll of immolation {unknown}
Potions
 c - a potion of invisibility
 f - a potion of flight {unknown}


   Skills:
 + Level 1.7 Short Blades
 - Level 2.1 Dodging
 + Level 5.0 Stealth
 - Level 2.0 Spellcasting
 + Level 4.8 Hexes


You had 5 spell levels left.
You didn't know any spells.
Your spell library contained the following spells:

 Spells                   Type           Power      Damage    Failure   Level
 Confusing Touch          Hex            18%        N/A       8%          3
 Tukima's Dance           Hex            18%        N/A       8%          3
 Ensorcelled Hibernation  Hex/Ice        18%        N/A       11%         2
 Dazzling Flash           Conj/Hex       18%        N/A       22%         3


Dungeon Overview and Level Annotations

Branches:
Dungeon (1/15)

Altars:


Innate Abilities, Weirdness & Mutations

Your natural rate of healing is accelerated.
You have razor-sharp teeth.
You have supernaturally acute eyesight. (SInv)
You are afflicted with vampirism.


Message History

You closely miss the jackal. The jackal barely misses you.
The jackal misses you.
You hit the jackal.
The jackal is heavily wounded.
The rat barely misses you. The jackal bites you.
You hit the jackal.
The jackal is almost dead.
The rat bites you.
* * * LOW HITPOINT WARNING * * *
The jackal misses you. The rat closely misses you. The jackal bites you.
* * * LOW HITPOINT WARNING * * *
You hit the rat.
You kill the rat!
Your Stealth skill increases to level 5!
You closely miss the quokka. Your bite misses the quokka. The quokka bites you.
* * * LOW HITPOINT WARNING * * *
You barely miss the quokka. The quokka misses you.
You hit the quokka.
The quokka is lightly wounded.
The quokka twitches its whiskers.
The quokka closely misses you. The quokka bites you.
* * * LOW HITPOINT WARNING * * *
You hit the quokka but do no damage.
The quokka is lightly wounded.
The quokka barely misses you.
You hit the quokka.
The quokka is heavily wounded.
The quokka closely misses you.
You miss the quokka.
The quokka is heavily wounded.
The quokka barely misses you.
You hit the quokka.
The quokka is severely wounded.
The quokka bites you.
* * * LOW HITPOINT WARNING * * *
You closely miss the quokka. Your bite misses the quokka.
The quokka is severely wounded.
The quokka bites you.
You die...

##...8.8.8.# #### ##...8.8..#
##...### ##.........#
##....... #..####...##
##....# #.## #..>.##
###....## #.#
#....####.....#.# ..#
##....#..##†#..# ###
####.#...###.#hr#
########........@rh.#h.#
#........##.######..#.h######
..#########..### #..#.#!)h..#
.## ##...####.##..†..#.$# ##
###..###.#######.r# #
##...#.. #.. ###...## . #.##
...


You could see a quokka and a jackal.

Vanquished Creatures
  3 ball pythons (D:1)
  A bat (D:1)
  3 jackals (D:1)
  2 quokkas (D:1)
  A frilled lizard (D:1)
  A goblin (D:1)
  2 kobolds (D:1)
  2 rats (D:1)
15 creatures vanquished.

Notes
Turn   | Place    | Note
-------+----------+-------------------------------------------
     0 | D:1      | lunkers the Vampire Enchanter began the quest for the Orb.
     0 | D:1      | Reached XP level 1. HP: 13/13 MP: 3/3
   109 | D:1      | Found a faded altar of an unknown god.
   239 | D:1      | Reached XP level 2. HP: 16/19 MP: 5/5
   377 | D:1      | Reached skill level 5 in Stealth
   384 | D:1      | Slain by a quokka

Illustrated notes

Levels and vault maps discovered:
D:1:      lemuel_arrival_rhombus, layout_rooms,
          chequers_ecumenical_altar_simple_redux, minmay_3d_cube

Skill      XL: |  1  2 |
---------------+-------+-----
Stealth        | 5 |  5.0
Short Blades   | |  1.7
Dodging        | |  2.1
Spellcasting   | |  2.0
Hexes          | |  4.8

Action                   || total
-------------------------++-------
Melee: Dagger            ||    78
       Bite              ||     6
 Stab: Sleeping          ||     3
Armor: Robe              ||    11
Dodge: Dodged            ||    64

Table legend: (Time is in decaauts)
 A = Elapsed time spent in this place.
 B = Non-inter-level travel time spent in this place.
 C = Inter-level travel time spent in this place.
 D = Time resting spent in this place.
 E = Time spent auto-exploring this place.
 F = Levels seen in this place.
 G = Mean time per level.
                   A        B        C        D        E       F      G
               +--------+--------+--------+--------+--------+-----+--------+
         Total |    377 |    372 |      5 |      0 |    221 |   1 |  377.0 |
       Dungeon |    377 |    372 |      5 |      0 |    221 |   1 |  377.0 |
               +--------+--------+--------+--------+--------+-----+--------+

Top non-repeatable levels by time:
     D:1: 377 daAuts
